 Dungeon Crawl Stone Soup version 0.30.1-11-g7821555f0a (webtiles) character file.

Game seed: 11853167649310908528

284 jagang the Slasher (level 6, 0/49 HPs)
             Began as a Human Monk on Dec 22, 2023.
             Slain by a gnoll
             ... wielding a +0 whip
              (5 damage)
             ... on level 3 of the Dungeon.
             The game lasted 00:05:37 (2137 turns).

jagang the Slasher (Human Monk)                     Turns: 2137, Time: 00:05:37

Health: 0/49       AC:  6    Str: 11    XL:     6   Next: 54%
Magic:  6/6        EV: 11    Int: 11    God:
Gold:   74         SH:  0    Dex: 17    Spells: 5/5 levels left

rFire   . . .        j - +1 rapier
rCold   . . .        d - orb {light}
rNeg    . . .        e - +0 ring mail
rPois   .            (no helmet)
rElec   .            o - +0 cloak
rCorr   +            (no gloves)
SInv    .            (no boots)
Will    .....        (no amulet)
Stlth   +            g - ring of resist corrosion
HPRegen 0.28/turn    (no ring)
MPRegen 0.10/turn

%: no passive effects
@: glowing
A: no striking features
a: no special abilities


You were on level 3 of the Dungeon.
You visited 1 branch of the dungeon, and saw 3 of its levels.

You collected 120 gold pieces.
You spent 46 gold pieces at shops.

Inventory:

Hand Weapons
 a - a +0 falchion
 j - a +1 rapier (weapon)
Missiles
 f - 19 poisoned darts (quivered)
 s - 5 boomerangs
Armour
 d - an orb of light (worn)
 e - a +0 ring mail (worn)
 o - a +0 cloak (worn)
Jewellery
 g - a ring of resist corrosion (left hand)
Scrolls
 b - a scroll of teleportation {unknown}
 i - 2 scrolls of identify {unknown}
 m - a scroll of enchant armour {unknown}
 n - a scroll of poison {unknown}
 p - 2 scrolls of enchant weapon
 q - a scroll of vulnerability {unknown}
 t - a scroll of noise {unknown}
Potions
 h - 2 potions of might {unknown}
 k - a potion of degeneration {unknown}
 l - a potion of brilliance {unknown}
 r - 2 potions of curing {unknown}
 u - a potion of magic {unknown}


   Skills:
 * Level 4.5 Fighting
 * Level 4.6 Long Blades
 + Level 1.3 Throwing
 + Level 2.7 Armour
 - Level 3.0 Dodging


You had 5 spell levels left.
You didn't know any spells.
Your spell library contained the following spells:

 Spells                   Type           Power      Damage    Failure   Level
 Kiss of Death            Conj/Necr      0%         2d5       63%         1
 Sting                    Tmut/Pois      0%         1d3       63%         1
 Poisonous Vapours        Pois/Air       0%         N/A       77%         2
 Confusing Touch          Hex            0%         N/A       94%         3
 Dispel Undead            Necr           0%         3d6       100%        4
 Olgreb's Toxic Radiance  Pois           0%         N/A       100%        4


Dungeon Overview and Level Annotations

Branches:
Dungeon (3/15)

Altars:

Shops:
D:2 *


Message History

The gnoll is moderately wounded.
The gnoll hits you with a +0 whip.
* * * LOW HITPOINT WARNING * * *
The gnoll hits you with a +0 flail.
* * * LOW HITPOINT WARNING * * *
You are confused.
You feel invigorated. The gnoll barely misses you.
The gnoll hits you with a +0 flail.
* * * LOW HITPOINT WARNING * * *
The gnoll completely misses you. The gnoll closely misses you.
The gnoll hits you but does no damage. The gnoll hits you with a +0 flail.
* * * LOW HITPOINT WARNING * * *
The gnoll misses you. The gnoll hits you with a +0 whip.
* * * LOW HITPOINT WARNING * * *
The gnoll barely misses you. x2
The gnoll misses you. The gnoll hits you with a +0 flail.
You feel less invigorated.
You feel less confused. The gnoll hits you with a +0 flail.
The gnoll barely misses you.
You hit the gnoll but do no damage.
The gnoll is lightly wounded.
The gnoll hits you with a +0 whip. The gnoll hits you with a +0 flail.
* * * LOW HITPOINT WARNING * * *
You hit the gnoll.
The gnoll is lightly wounded.
The gnoll completely misses you. The gnoll hits you with a +0 whip.
* * * LOW HITPOINT WARNING * * *
As you read the scroll labelled YSUDOI VUEZE, it crumbles to dust.
It is a scroll of enchant weapon.
Your +0 rapier glows red for a moment.
The gnoll hits you with a +0 whip.
* * * LOW HITPOINT WARNING * * *
The gnoll closely misses you.
You hit the gnoll but do no damage.
The gnoll is lightly wounded.
The gnoll misses you. The gnoll hits you with a +0 flail.
* * * LOW HITPOINT WARNING * * *
You hit the gnoll but do no damage.
The gnoll is lightly wounded.
The gnoll hits you but does no damage. The gnoll hits you with a +0 whip.
You die...

##### ####
########..$# ...##
##......#gg$#
....###.......#ggg#
.....#........##g#
.....#.........g@#
.....'...........#
.....#...........#
.....#........##+#
....###.......#
...## ##......#
#### ########


You could see 3 gnolls and 4 hobgoblins.

Vanquished Creatures
  A kobold brigand (D:3)
  2 orc wizards (D:3)
  7 gnolls
  An adder (D:2)
  A white imp (D:3)
  A worm (D:2)
  A dart slug (D:1)
  3 orcs (D:3)
  6 bats
  6 endoplasms
  4 giant cockroaches (D:1)
  2 goblins (D:1)
  11 hobgoblins
  22 kobolds
  2 quokkas
  6 ball pythons
  A frilled lizard (D:3)
  5 rats (D:1)
82 creatures vanquished.

Notes
Turn   | Place    | Note
-------+----------+-------------------------------------------
     0 | D:1      | jagang the Human Monk began the quest for the Orb.
     0 | D:1      | Reached XP level 1. HP: 18/18 MP: 1/1
   124 | D:1      | Reached XP level 2. HP: 20/24 MP: 2/2
   132 | D:1      | Reached skill level 1 in Armour
   349 | D:1      | Reached XP level 3. HP: 29/29 MP: 3/3
   944 | D:1      | Reached XP level 4. HP: 35/35 MP: 4/4
  1138 | D:2      | Found Wydyphei's Assorted Antiques.
  1193 | D:2      | Bought a scroll labelled QEJELE JOKHAPS for 23 gold pieces
  1193 | D:2      | Bought a scroll labelled NAIMOR LODIPP for 23 gold pieces
  1665 | D:3      | Reached XP level 5. HP: 41/42 MP: 5/5
  1869 | D:3      | Reached skill level 1 in Throwing
  1877 | D:3      | Reached XP level 6. HP: 32/48 MP: 6/6
  2137 | D:3      | Slain by a gnoll

Illustrated notes

Levels and vault maps discovered:
D:1:      dpeg_arrival_short_road, layout_basic, minmay_indecisive_spiral
D:2:      layout_basic, serial_shops, shop, kennysheep_doodads,
          minmay_tromino_v2
D:3:      minmay_goblin_kobold_castle, layout_rooms,
          nicolae_overflow_ecumenical_swirl

Skill      XL: |  1  2  3  4  5 |
---------------+----------------+-----
Armour         | 1 2 |  2.7
Long Blades    | 4 |  4.6
Fighting       | 4 |  4.5
Throwing       | 1 |  1.3
Dodging        | |  3.0

Action                     |  1- 3 |  4- 6 || total
---------------------------+-------+-------++-------
  Melee: Falchion          |    79 |       ||    79
         Rapier            |     9 |   168 ||   177
    Use: Scroll            |       |     1 ||     1
         Potion            |       |     1 ||     1
 Armour: Ring mail         |    44 |    94 ||   138
  Dodge: Dodged            |    57 |   138 ||   195
